 Dungeon Crawl Stone Soup version 0.19-a0-1254-gb9c29c0 (webtiles) character file.

73 Kidiri the Magician (level 4, 0/24 HPs)
             Began as a Deep Elf Fire Elementalist on Aug 27, 2016.
             Succumbed to Crazy Yiuf's poison
             ... on level 2 of the Dungeon.
             The game lasted 00:07:44 (2096 turns).

Kidiri the Magician (Deep Elf Fire Elementalist)    Turns: 2096, Time: 00:07:45

Health: 0/24       AC:  6    Str:  5    XL:     4   Next: 8%
Magic:  3/12       EV: 13    Int: 19    God:
Gold:   68         SH:  0    Dex: 15    Spells: 4 memorised, 2 levels left

rFire  . . .     SeeInvis .     e - +0 dagger (flame)
rCold  . . .     Gourm    .     a - +2 robe
rNeg   . . .     Faith    .     (no shield)
rPois  .         Spirit   .     (helmet restricted)
rElec  .         Dismiss  .     (no cloak)
rCorr  .         Reflect  .     (no gloves)
MR     .....     Harm     .     (no boots)
Stlth  ++........               h - amulet of inaccuracy (curse)
                                (no ring)
                                (no ring)

@: lethally poisoned (0 -> -10), very slightly contaminated, invisible
A: horns 1, thin metallic scales 1, dopey 1
a: no special abilities


You were on level 2 of the Dungeon.
You were not hungry.

You visited 1 branch of the dungeon, and saw 2 of its levels.

You collected 68 gold pieces.

Inventory:

Hand Weapons
 e - a +0 dagger of flaming (weapon)
Armour
 a - a +2 robe (worn)
Jewellery
 h - a cursed amulet of inaccuracy (around neck)
Books
 b - a book of Flames

   Spells                             Type                      Level
   a - Flame Tongue                   Conjuration/Fire             1
   b - Throw Flame                    Conjuration/Fire             2
   c - Conjure Flame                  Conjuration/Fire             3
   d - Inner Flame                    Hexes/Fire                   3
   e - Sticky Flame                   Conjuration/Fire             4
   f - Fireball                       Conjuration/Fire             5
Comestibles
 c - 3 bread rations
 g - a beef jerky


   Skills:
 - Level 2.4 Dodging
 - Level 2.4 Stealth
 * Level 4.4 Spellcasting
 + Level 2.3 Conjurations
 + Level 4.1 Fire Magic


You had 2 spell levels left.
You knew the following spells:

 Your Spells              Type           Power        Failure   Level  Hunger
a - Flame Tongue          Conj/Fire      ###..        4%          1    None
b - Throw Flame           Conj/Fire      ###...       8%          2    #......
c - Conjure Flame         Conj/Fire      ###.....     12%         3    ###....
d - Inner Flame           Hex/Fire       ##......     17%         3    ###....


Dungeon Overview and Level Annotations

Branches:
Dungeon (2/15)

Altars:
Trog

Annotations:
D:2 Crazy Yiuf


Innate Abilities, Weirdness & Mutations

You have a pair of small horns on your head.
You are partially covered in thin metallic scales. (AC +2)
You are dopey. (Int -2)


Message History

Crazy Yiuf closely misses you. Crazy Yiuf closely misses you.
Crazy Yiuf is no longer berserk.
You barely miss Crazy Yiuf. Your headbutt misses Crazy Yiuf.
Crazy Yiuf is heavily wounded.
Crazy Yiuf hits you with a quarterstaff of chaos.
* * * LOW HITPOINT WARNING * * *
You are lethally poisoned!
* * * LOW HITPOINT WARNING * * *
You feel sick.
You aren't carrying any potions.
Unknown command.
Casting: Flame Tongue
Confirm with . or Enter, or press ? or * to list all spells.
Aiming: Flame Tongue
Press: ? - help, Shift-Dir - straight line, f/p - Crazy Yiuf
Aim: Crazy Yiuf, wielding a quarterstaff of chaos and wearing a runed cloak (heavily wounded, slow)
The flame tongue hits Crazy Yiuf.
Crazy Yiuf appears unharmed.
Crazy Yiuf is heavily wounded.
You die...

..........# #....# #....#....
...##.....######....####....##+##
...##.....#...#.............##...
...##.....#...#....####'######...
##........#...#...#......# #...
#........#...#...#......# #...
#........#...#.g.#......#####...
#........#...#...#......#.....(.
#...######...#.@.#..<...#.......
##...######...#...#......#.......
..........#...#...##.....#.......
..........#...#...##.###.#####...
......................##..#......
.............................#..#
.......................#.........
.......................#...##..##
.......).......................#.


You could see Crazy Yiuf.

Vanquished Creatures
  An adder (D:2)
  2 oozes (D:1)
  A worm (D:2)
  A dart slug (D:1)
  6 giant geckos
  7 bats
  2 giant cockroaches (D:2)
  A goblin (D:1)
  4 hobgoblins
  3 jackals (D:1)
  4 kobolds
  A quokka (D:1)
  5 giant newts (D:1)
  6 rats
44 creatures vanquished.

Notes
Turn   | Place    | Note
-------+----------+-------------------------------------------
     0 | D:1      | Kidiri the Deep Elf Fire Elementalist began the quest for the Orb.
     0 | D:1      | Reached XP level 1. HP: 10/10 MP: 6/6
   177 | D:1      | Reached XP level 2. HP: 7/15 MP: 1/8
   181 | D:1      | Learned a level 2 spell: Throw Flame
   913 | D:1      | Reached XP level 3. HP: 19/19 MP: 8/10
   918 | D:1      | Learned a level 3 spell: Conjure Flame
   922 | D:1      | Learned a level 3 spell: Inner Flame
  1205 | D:2      | Gained mutation: You are dopey. (Int -2) [potion of mutation]
  1205 | D:2      | Gained mutation: You are partially covered in thin metallic scales. (AC +2) [potion of mutation]
  1205 | D:2      | Gained mutation: You have a pair of small horns on your head. [potion of mutation]
  1337 | D:2      | Found a bloodstained altar of Trog.
  1747 | D:2      | Reached XP level 4. HP: 24/24 MP: 9/12
  1882 | D:2      | Found a runed door.
  2071 | D:2      | Noticed Crazy Yiuf
  2095 | D:2      | HP: 1/24 [poisoned by Crazy Yiuf]
  2096 | D:2      | Succumbed to Crazy Yiuf's poison

Vault maps used:
D:1:      onia_arrival_pentagram
D:2:      trog_three_pillars_becter, uniq_crazy_yiuf_cottage

Skill      XL: |  1  2  3 |
---------------+----------+-----
Spellcasting   | 4 |  4.4
Conjurations   | 2 |  2.3
Fire Magic     | 4 |  4.1
Dodging        | |  2.4
Stealth        | |  2.4

Action                   |  1- 3 |  4- 6 || total
-------------------------+-------+-------++-------
Melee: Dagger            |    18 |     1 ||    19
       Headbutt          |     1 |       ||     1
 Cast: Flame Tongue      |    42 |     9 ||    51
       Throw Flame       |    16 |     5 ||    21
  Use: Scroll            |     4 |     1 ||     5
       Potion            |     1 |     1 ||     2
 Stab: Sleeping          |     4 |       ||     4
  Eat: Chunk             |     3 |     1 ||     4
Armor: Robe              |     7 |     1 ||     8
Dodge: Dodged            |    30 |     6 ||    36
